MWL (24 & UNDER)
MANHATTEN MEATHEADS @ EVANSTON ELITISTS
09/24/2028
 
TOP OF THE 1ST
Manhatten Meatheads batting - Pitching for Evanston Elitists : RHP Luis Torres
Pitching: RHP Luis Torres
Batting: RHB Luis Reynoso 0-0: Ground out 1-3 (Groundball, 15S)
Batting: LHB Manuel Ortega 0-0: Ball
1-0: Called Strike
1-1: Foul Ball, location: 2F
1-2: Strikes out swinging
Batting: RHB Ramiro Santana 0-0: Fly out, F1 (Line Drive, 15)
Top of the 1st over - 0 run(s), 0 hit(s), 0 error(s), 0 left on base; Manhatten 0 - Evanston 0
BOTTOM OF THE 1ST
Evanston Elitists batting - Pitching for Manhatten Meatheads : RHP Juan De Jesús
Pitching: RHP Juan De Jesús
Batting: RHB Alberto Soto 0-0: Called Strike
0-1: Ground out 3-1 (Groundball, 34)
Batting: SHB Jacob Wilcox 0-0: Called Strike
0-1: Called Strike
0-2: Strikes out swinging
Batting: RHB Jorge Calderón 0-0: Called Strike
0-1: Ball
1-1: Foul Ball, location: 2F
1-2: Ball
2-2: Foul Ball, location: 2F
2-2: Ground out 4-3 (Groundball, 4)
Bottom of the 1st over - 0 run(s), 0 hit(s), 0 error(s), 0 left on base; Manhatten 0 - Evanston 0
TOP OF THE 2ND
Manhatten Meatheads batting - Pitching for Evanston Elitists : RHP Luis Torres
Batting: RHB George Green 0-0: Ball
1-0: SINGLE (Groundball, 56) (infield hit)
Batting: LHB Brent Haynes 0-0: Called Strike
0-1: Swinging Strike
0-2: Ball
1-2: Foul Ball, location: 2F
1-2: Strikes out swinging
Batting: RHB Manny Velásquez 0-0: Called Strike
George Green is caught stealing 2nd base
0-1: Ground out 5-3 (Groundball, 56)
Top of the 2nd over - 0 run(s), 1 hit(s), 0 error(s), 0 left on base; Manhatten 0 - Evanston 0
BOTTOM OF THE 2ND
Evanston Elitists batting - Pitching for Manhatten Meatheads : RHP Juan De Jesús
Batting: LHB Javier Mejía 0-0: Ball
1-0: Ground out U3 (Groundball, 3)
Batting: RHB Jerry Browning 0-0: Ball
1-0: Ball
2-0: Ground out 4-3 (Groundball, 4)
Batting: LHB Alberto Varela 0-0: Ball
1-0: Ground out U3 (Groundball, 34)
Bottom of the 2nd over - 0 run(s), 0 hit(s), 0 error(s), 0 left on base; Manhatten 0 - Evanston 0
TOP OF THE 3RD
Manhatten Meatheads batting - Pitching for Evanston Elitists : RHP Luis Torres
Batting: LHB Eric Dillard 0-0: Ball
1-0: Swinging Strike
1-1: Swinging Strike
1-2: Foul Ball, location: 2F
1-2: Strikes out looking
Batting: RHB José Esparza 0-0: Ground out 6-3 (Groundball, 6)
Batting: RHB Tim Bonner 0-0: Swinging Strike
0-1: Called Strike
0-2: Ball
1-2: Strikes out swinging
Top of the 3rd over - 0 run(s), 0 hit(s), 0 error(s), 0 left on base; Manhatten 0 - Evanston 0
BOTTOM OF THE 3RD
Evanston Elitists batting - Pitching for Manhatten Meatheads : RHP Juan De Jesús
Batting: RHB Miguel Toro 0-0: SINGLE (Groundball, 3D)
Batting: RHB Ron Newcombe 0-0: Ball
1-0: Ball
2-0: Swinging Strike
2-1: Ball
3-1: Foul Ball, location: 2F
3-2: Strikes out swinging
Batting: LHB Jean-Sébastien Beaudin 0-0: Called Strike
0-1: Swinging Strike
0-2: Ball
1-2: Ball
2-2: Ground out U3 (Groundball, 34)
Miguel Toro to second
Batting: RHB Alberto Soto 0-0: Ball
Wild Pitch!
Miguel Toro to third
1-0: Ball
2-0: Ball
3-0: Called Strike
3-1: Base on Balls
Batting: SHB Jacob Wilcox 0-0: Ball
1-0: Called Strike
1-1: Ball
2-1: Foul Ball, location: 2F
2-2: Strikes out looking
Bottom of the 3rd over - 0 run(s), 1 hit(s), 0 error(s), 2 left on base; Manhatten 0 - Evanston 0
TOP OF THE 4TH
Manhatten Meatheads batting - Pitching for Evanston Elitists : RHP Luis Torres
Batting: RHB Luis Reynoso 0-0: Ball
1-0: Ground out 5-3 (Groundball, 5)
Batting: LHB Manuel Ortega 0-0: DOUBLE (Line Drive, 9LM)
Batting: RHB Ramiro Santana 0-0: Called Strike
Manuel Ortega is caught stealing 3rd base
0-1: Foul Ball, location: 2F
0-2: Ball
1-2: Strikes out swinging
Top of the 4th over - 0 run(s), 1 hit(s), 0 error(s), 0 left on base; Manhatten 0 - Evanston 0
BOTTOM OF THE 4TH
Evanston Elitists batting - Pitching for Manhatten Meatheads : RHP Juan De Jesús
Batting: RHB Jorge Calderón 0-0: Ball
1-0: Ball
2-0: SINGLE (Flyball, 7LM)
Batting: LHB Javier Mejía 0-0: Called Strike
0-1: Ball
1-1: Ball
2-1: Foul Ball, location: 2F
2-2: Strikes out looking
Batting: RHB Jerry Browning 0-0: Ball
1-0: Ball
2-0: Ground out 3-1 (Groundball, 34S)
Jorge Calderón to second
Batting: LHB Alberto Varela 0-0: Swinging Strike
0-1: Fly out, F8 (Flyball, 8LS)
Bottom of the 4th over - 0 run(s), 1 hit(s), 0 error(s), 1 left on base; Manhatten 0 - Evanston 0
TOP OF THE 5TH
Manhatten Meatheads batting - Pitching for Evanston Elitists : RHP Luis Torres
Batting: RHB George Green 0-0: Ground out 5-3 (Groundball, 5L)
Batting: LHB Brent Haynes 0-0: Called Strike
0-1: Foul Ball, location: 2F
0-2: Foul Ball, location: 2F
0-2: Foul Ball, location: 2F
0-2: Strikes out swinging
Batting: RHB Manny Velásquez 0-0: Called Strike
0-1: Ball
1-1: Foul Ball, location: 2F
1-2: Ground out 6-3 (Groundball, 6)
Top of the 5th over - 0 run(s), 0 hit(s), 0 error(s), 0 left on base; Manhatten 0 - Evanston 0
BOTTOM OF THE 5TH
Evanston Elitists batting - Pitching for Manhatten Meatheads : RHP Juan De Jesús
Batting: RHB Miguel Toro 0-0: Foul Ball, location: 2F
0-1: Ball
1-1: Ball
2-1: Foul Ball, location: 2F
2-2: Ball
3-2: Foul Ball, location: 2F
3-2: Foul Ball, location: 2F
3-2: Strikes out swinging
Batting: RHB Ron Newcombe 0-0: Foul Ball, location: 2F
0-1: Called Strike
0-2: Foul Ball, location: 2F
0-2: Ball
1-2: Foul Ball, location: 2F
1-2: Strikes out looking
Batting: LHB Jean-Sébastien Beaudin 0-0: Called Strike
0-1: Called Strike
0-2: Foul Ball, location: 2F
0-2: Ball
1-2: Strikes out swinging
Bottom of the 5th over - 0 run(s), 0 hit(s), 0 error(s), 0 left on base; Manhatten 0 - Evanston 0
TOP OF THE 6TH
Manhatten Meatheads batting - Pitching for Evanston Elitists : RHP Luis Torres
Batting: LHB Eric Dillard 0-0: Called Strike
0-1: Ball
1-1: Foul Ball, location: 2F
1-2: Fly out, F5 (Popup, 56)
Batting: RHB José Esparza 0-0: Ball
1-0: Ball
2-0: Called Strike
2-1: Swinging Strike
2-2: Strikes out swinging
Batting: RHB Tim Bonner 0-0: Foul Ball, location: 2F
0-1: Called Strike
0-2: Strikes out swinging
Top of the 6th over - 0 run(s), 0 hit(s), 0 error(s), 0 left on base; Manhatten 0 - Evanston 0
BOTTOM OF THE 6TH
Evanston Elitists batting - Pitching for Manhatten Meatheads : RHP Juan De Jesús
Batting: RHB Alberto Soto 0-0: Ball
1-0: Ball
2-0: SINGLE (Groundball, 4MD)
Batting: SHB Jacob Wilcox 0-0: Called Strike
0-1: Ball
1-1: Ball
2-1: Foul Ball, location: 2F
2-2: Strikes out looking
Batting: RHB Jorge Calderón 0-0: Swinging Strike
0-1: Swinging Strike
0-2: Ball
1-2: Fly out, F3 (Popup, 34S)
Batting: LHB Javier Mejía 0-0: Called Strike
0-1: Ball
1-1: Foul Ball, location: 2F
1-2: Foul Ball, location: 2F
1-2: Foul Ball, location: 2F
Pickoff Throw to First - Out!
Bottom of the 6th over - 0 run(s), 1 hit(s), 0 error(s), 0 left on base; Manhatten 0 - Evanston 0
TOP OF THE 7TH
Manhatten Meatheads batting - Pitching for Evanston Elitists : RHP Luis Torres
Batting: RHB Luis Reynoso 0-0: Fly out, F3 (Popup, 34)
Batting: LHB Manuel Ortega 0-0: Swinging Strike
0-1: Ball
1-1: Foul Ball, location: 2F
1-2: Foul Ball, location: 2F
1-2: Foul Ball, location: 2F
1-2: Foul Ball, location: 2F
1-2: Strikes out swinging
Batting: RHB Ramiro Santana 0-0: Swinging Strike
0-1: Ball
1-1: Ball
2-1: Foul Ball, location: 2F
2-2: Foul Ball, location: 2F
2-2: Strikes out swinging
Top of the 7th over - 0 run(s), 0 hit(s), 0 error(s), 0 left on base; Manhatten 0 - Evanston 0
BOTTOM OF THE 7TH
Evanston Elitists batting - Pitching for Manhatten Meatheads : RHP Juan De Jesús
Pitching: LHP Bernard Zuccarello
Pinch Hitting: RHB Henry Morris 0-0: Swinging Strike
0-1: Foul Ball, location: 2F
0-2: Strikes out swinging
Batting: RHB Jerry Browning 0-0: Ball
1-0: Ball
2-0: Called Strike
2-1: Swinging Strike
2-2: SINGLE (Flyball, 8RS)
Pinch Hitting: LHB Luis Rodríguez 0-0: Ball
1-0: Swinging Strike
1-1: Ball
Wild Pitch!
Jerry Browning to second
2-1: Foul Ball, location: 2F
2-2: Foul Ball, location: 2F
2-2: Strikes out swinging
Batting: RHB Miguel Toro 0-0: Ball
1-0: Called Strike
1-1: Fly out, F1 (Line Drive, 13)
Bottom of the 7th over - 0 run(s), 1 hit(s), 0 error(s), 1 left on base; Manhatten 0 - Evanston 0
TOP OF THE 8TH
Manhatten Meatheads batting - Pitching for Evanston Elitists : RHP Luis Torres
Now at SS: Henry Morris
Now in CF: Carlos Miranda
Pinch Hitting: SHB José Sousa 0-0: Ball
1-0: Called Strike
1-1: Ball
2-1: Called Strike
2-2: Ball
3-2: Foul Ball, location: 2F
3-2: Strikes out looking
Batting: LHB Brent Haynes 0-0: Swinging Strike
0-1: Called Strike
0-2: Ball
1-2: Strikes out looking
Batting: RHB Manny Velásquez 0-0: Called Strike
0-1: Swinging Strike
0-2: Foul Ball, location: 2F
0-2: Ball
1-2: Ball
2-2: Strikes out looking
Top of the 8th over - 0 run(s), 0 hit(s), 0 error(s), 0 left on base; Manhatten 0 - Evanston 0
BOTTOM OF THE 8TH
Evanston Elitists batting - Pitching for Manhatten Meatheads : LHP Bernard Zuccarello
Now at 3B: Santiago Díaz
Pinch Hitting: RHB António Martínez 0-0: Called Strike
0-1: Foul Ball, location: 2F
0-2: Ball
1-2: Foul Ball, location: 2F
1-2: Ball
2-2: Foul Ball, location: 2F
2-2: Foul Ball, location: 2F
2-2: Foul Ball, location: 2F
2-2: Ball
3-2: Fly out, F8 (Line Drive, 8LXD)
Batting: LHB Jean-Sébastien Beaudin 0-0: Ball
1-0: Ball
2-0: Called Strike
2-1: DOUBLE (Flyball, 9D)
Batting: RHB Alberto Soto 0-0: Intentional Walk
Batting: SHB Jacob Wilcox 0-0: Ball
1-0: Called Strike
1-1: Ball
2-1: Foul Ball, location: 2F
2-2: Ball
3-2: Foul Ball, location: 2F
3-2: Strikes out swinging
Batting: RHB Jorge Calderón 0-0: Ball
1-0: Ball
2-0: Foul Ball, location: 2F
2-1: Ball
3-1: Base on Balls
Jean-Sébastien Beaudin to third
Alberto Soto to second
Batting: RHB Henry Morris 0-0: Ball
1-0: Swinging Strike
1-1: Foul Ball, location: 2F
1-2: Foul Ball, location: 2F
1-2: Strikes out swinging
Bottom of the 8th over - 0 run(s), 1 hit(s), 0 error(s), 3 left on base; Manhatten 0 - Evanston 0
TOP OF THE 9TH
Manhatten Meatheads batting - Pitching for Evanston Elitists : RHP Luis Torres
Pitching: RHP Pablo Lima
Now at 3B: António Martínez
Batting: LHB Eric Dillard 0-0: Ball
1-0: Ball
2-0: Ball
3-0: Swinging Strike
3-1: Foul Ball, location: 2F
3-2: Strikes out swinging
Pinch Hitting: SHB León Glaviz 0-0: Called Strike
0-1: Ball
1-1: Foul Ball, location: 2F
1-2: Ball
2-2: Foul Ball, location: 2F
2-2: Strikes out swinging
Batting: RHB Tim Bonner 0-0: Ball
1-0: Foul Ball, location: 2F
1-1: Swinging Strike
1-2: Strikes out looking
Top of the 9th over - 0 run(s), 0 hit(s), 0 error(s), 0 left on base; Manhatten 0 - Evanston 0
BOTTOM OF THE 9TH
Evanston Elitists batting - Pitching for Manhatten Meatheads : LHP Bernard Zuccarello
Pitching: RHP Diego Martínez
Now at SS: Jeff Vickers
Pinch Hitting: LHB Ronald Gordon 0-0: Called Strike
0-1: Swinging Strike
0-2: Strikes out swinging
Pinch Hitting: LHB Ángelo Lara 0-0: Ground out 5-3 (Groundball, 56)
Batting: RHB Miguel Toro 0-0: Foul Ball, location: 2F
0-1: Swinging Strike
0-2: Strikes out swinging
Bottom of the 9th over - 0 run(s), 0 hit(s), 0 error(s), 0 left on base; Manhatten 0 - Evanston 0
TOP OF THE 10TH
Manhatten Meatheads batting - Pitching for Evanston Elitists : RHP Pablo Lima
Now at C: Ronald Gordon
Now in LF: Ángelo Lara
Batting: RHB Luis Reynoso 0-0: Ball
1-0: Ball
2-0: Called Strike
2-1: SINGLE (Line Drive, 56D)
Batting: LHB Manuel Ortega 0-0: Ball
1-0: Bunt missed!
1-1: Sac Bunt - play at first, batter OUT! 2-4
Luis Reynoso to second
Batting: RHB Ramiro Santana 0-0: Intentional Walk
Pinch Hitting: LHB Hidalgo García 0-0: Ball
1-0: Ball
2-0: Fly out, F5 (Line Drive, 56S)
Batting: LHB Brent Haynes 0-0: Ball
1-0: Swinging Strike
1-1: Called Strike
1-2: Strikes out looking
Top of the 10th over - 0 run(s), 1 hit(s), 0 error(s), 2 left on base; Manhatten 0 - Evanston 0
BOTTOM OF THE 10TH
Evanston Elitists batting - Pitching for Manhatten Meatheads : RHP Diego Martínez
Now at 3B: Hidalgo García
Batting: RHB António Martínez 0-0: Swinging Strike
0-1: Ball
1-1: Ball
2-1: SINGLE (Groundball, 56D)
Batting: LHB Jean-Sébastien Beaudin 0-0: Sac Bunt - play at first, batter OUT! 5-4
António Martínez to second
Batting: RHB Alberto Soto 0-0: Intentional Walk
Batting: SHB Jacob Wilcox 0-0: Swinging Strike
0-1: Called Strike
0-2: Foul Ball, location: 2F
0-2: Ball
1-2: Strikes out swinging
Batting: RHB Jorge Calderón 0-0: Ball
Wild Pitch!
António Martínez to third
Alberto Soto to second
1-0: Ground out 4-3 (Groundball, 4)
Bottom of the 10th over - 0 run(s), 1 hit(s), 0 error(s), 2 left on base; Manhatten 0 - Evanston 0
TOP OF THE 11TH
Manhatten Meatheads batting - Pitching for Evanston Elitists : RHP Pablo Lima
Pitching: RHP Júlio Feliciano
Batting: RHB Manny Velásquez 0-0: Fly out, F2 (Popup, 5S)
Batting: LHB Eric Dillard 0-0: Foul Ball, location: 2F
0-1: Foul Ball, location: 2F
0-2: Ball
1-2: Strikes out swinging
Batting: RHB Jeff Vickers 0-0: Foul Ball, location: 2F
0-1: Ball
1-1: Foul Ball, location: 2F
1-2: SINGLE (Groundball, 56) (infield hit)
Batting: RHB Tim Bonner 0-0: Called Strike
0-1: Ball
Jeff Vickers steals 2nd base
1-1: Ball
2-1: Foul Ball, location: 2F
2-2: Strikes out swinging
Top of the 11th over - 0 run(s), 1 hit(s), 0 error(s), 1 left on base; Manhatten 0 - Evanston 0
BOTTOM OF THE 11TH
Evanston Elitists batting - Pitching for Manhatten Meatheads : RHP Diego Martínez
Pitching: RHP Carlos Montés
Batting: RHB Henry Morris 0-0: Ball
1-0: Swinging Strike
1-1: Called Strike
1-2: Ball
2-2: Strikes out swinging
Batting: LHB Ronald Gordon 0-0: Ball
1-0: Called Strike
1-1: Swinging Strike
1-2: Fly out, F7 (Flyball, 7)
Batting: LHB Ángelo Lara 0-0: Called Strike
0-1: Ball
1-1: SOLO HOME RUN (Flyball, 9D), Distance : 392 ft
Tuesday, August 8th, 2017 - OOTP Baseball 17.12 Build 75